Unix NetHack Version 3.7.0-101 Work-in-progress - last build Mar 25 2024 11:18:41 (462964f8eaac915e699fc3a71b43428251fec12b,branch:master). Game began 2024-03-29 20:30:47, ended 2024-03-29 20:49:23. Gilette, neutral male gnomish Wizard # -.----.----- |..........| --- ----- ---- |.......@r.. ........$...`.| |..........| ....| ------------ ----- Gilette the Conjurer St:12 Dx:12 Co:14 In:19 Wi:8 Ch:10 Neutral Dlvl:4 $:24 HP:0(22) Pw:27(27) AC:8 Xp:3/50 T:1440 Fainted Deaf Latest messages: You faint from lack of food. You regain consciousness. You are too hungry to cast that spell. You miss the yellow mold. You stagger... You feel a bit steadier now. You miss the yellow mold. You hit the yellow mold. You stagger... You miss the yellow mold. You feel a bit steadier now. You miss the yellow mold. You faint from lack of food. You regain consciousness. You miss the yellow mold. You faint from lack of food. You regain consciousness. You hit the yellow mold. You stagger... You faint from lack of food. You regain consciousness. You faint from lack of food. You regain consciousness. You hit the yellow mold. You stagger... You faint from lack of food. You regain consciousness. You faint from lack of food. You regain consciousness. You faint from lack of food. You regain consciousness. You faint from lack of food. You regain consciousness. You faint from lack of food. You regain consciousness. You hit the yellow mold. You stagger... You kill the yellow mold! You faint from lack of food. The giant rat bites! The giant rat bites! The giant rat bites! The giant rat bites! The giant rat bites! The giant rat bites! The giant rat bites! The giant rat bites! The giant rat bites! The giant rat bites! You die... Inventory: Coins ('$') $ - 24 gold pieces Weapons (')') z - 2 uncursed +0 arrows A - an uncursed +0 shuriken E - an uncursed +0 dagger (weapon in right hand) B - an uncursed +0 flail a - a blessed +1 quarterstaff Armor ('[') o - a cursed +0 pair of low boots (being worn) b - an uncursed +0 cloak of magic resistance (being worn) Scrolls ('?') q - an uncursed scroll of amnesia n - an uncursed scroll of create monster i - an uncursed scroll of enchant weapon Spellbooks ('+') l - a cursed spellbook of blank paper k - a blessed spellbook of force bolt Potions ('!') f - an uncursed potion of booze t - a cursed potion of confusion g - an uncursed potion of fruit juice p - 2 uncursed potions of healing h - an uncursed potion of speed Rings ('=') D - an uncursed ring of cold resistance d - an uncursed ring of fire resistance (on right hand) e - an uncursed ring of warning (on left hand) Wands ('/') c - an uncursed wand of digging (0:4) C - an uncursed wand of secret door detection (0:10) Tools ('(') m - an uncursed magic marker (0:22) w - an uncursed oil lamp Gems/Stones ('*') u - an uncursed worthless piece of white glass r - an uncursed worthless piece of yellowish brown glass Gilette the Wizard's attributes: Background: You were a Conjurer, a level 3 male gnomish Wizard. You were neutral, on a mission for Thoth who was opposed by Ptah (lawful) and Anhur (chaotic). You were right-handed. You were in the Dungeons of Doom, on level 4. You entered the dungeon 1440 turns ago. You had 50 experience points, 30 more were needed to attain level 4. Basics: You had 0 out of 22 hit points. You had all 27 energy points (spell power). Your armor class was 8. Your wallet contained 24 zorkmids. Autopickup was on for '$?!"=/*' plus thrown, with exceptions. Final Characteristics: Your strength was 12 (base:13, limit:18/50). Your dexterity was 12 (limit:18). Your constitution was 14 (limit:18). Your intelligence was 19 (limit:19). Your wisdom was 8 (limit:18). Your charisma was 10 (limit:18). Final Status: You were deaf. You were fainted due to starvation. You were unencumbered. You were wielding a dagger. You were unskilled in dagger. Final Attributes: You were nominally aligned. You were magic-protected. You were fire resistant. Your items were protected from fire. You were warned. You had infravision. You were warded. You are dead. Miscellaneous: You never encountered a bones level. Total elapsed playing time was 18 minutes and 35 seconds. Major events: Turn 1: Gilette the neutral male gnomish Wizard entered the dungeon 1148: attained the rank of Conjurer (level 3) 1440: killed by a giant rat, while fainted from lack of food Vanquished creatures: an acid blob 2 hobbits a yellow mold 2 jackals 3 foxes a kobold a goblin 2 sewer rats 2 grid bugs 7 newts 22 creatures vanquished. No species were genocided or became extinct. Voluntary challenges: You read items or engraved 5 times. You engraved Elbereth 1 time. You never genocided any monsters. You never polymorphed an object. You never changed form. You used no wishes. Achievements: You entered a shop. You attained the rank of Conjurer. The Dungeons of Doom: levels 1 to 4 Level 1: A fountain. Level 2: An altar to Thoth, a fountain. Level 3: Level 4: <- You were here. Final resting place for you, killed by a giant rat, while fainted from lack of food. Game over: ---------- / \ / REST \ / IN \ / PEACE \ / \ | Gilette | | 24 Au | | killed by a | | giant rat | | | | | | 2024 | *| * * * | * _________)/\\_//(\/(/\)/\//\/|_)_______ Goodbye Gilette the Wizard... You died in The Dungeons of Doom on dungeon level 4 with 382 points, and 24 pieces of gold, after 1440 moves. You were level 3 with a maximum of 22 hit points when you died.